 Dungeon Crawl Stone Soup version 0.30-a0-373-gd37427bb62 (webtiles) character file.

Game seed: 4253617008891445658

2795 zishaf the Magician (level 10, -5/65 HPs)
             Began as a Djinni Venom Mage on Nov 23, 2022.
             Was a High Priest of Hepliaklqana.
             Slain by an ice beast (7 damage)
             ... summoned by an ice statue
             ... on level 8 of the Dungeon.
             The game lasted 00:10:15 (7015 turns).

zishaf the Magician (Djinni Venom Mage)             Turns: 7015, Time: 00:10:15

Health: -5/65      AC:  5    Str:  7    XL:     10   Next: 2%
Gold:   350        EV: 11    Int: 26    God:    Hepliaklqana [*****.] SH:  0 Dex: 14

rFire   + + .      SeeInvis .    b - staff of cold
rCold   . . .      Faith    .    (no shield)
rNeg    . . .      Spirit   .    t - +1 leather armour of Diype {Fly rElec rPois Int+5}
rPois   ∞          Reflect  .    (no helmet)
rElec   +          Harm     .    (no cloak)
rCorr   .          Rampage  .    f - +0 pair of gloves
Will    +....                    (boots unavailable)
Stlth   ++........               (no amulet)
HPRegen 0.30/turn                (no ring)
MPRegen 0.00/turn                (no ring)

@: flying
A: reduced essence, sickness immunity, fire resistance 2, cold vulnerability 1,
float, innate caster, HP casting, extra vitality 1
a: Renounce Religion, Recall Ancestor, Ancestor Identity, Transference, Idealise


You were on level 8 of the Dungeon.
You worshipped Hepliaklqana.
Hepliaklqana was extremely pleased with you.
You visited 1 branch of the dungeon, and saw 8 of its levels.

You collected 350 gold pieces.

Inventory:

Hand Weapons
 a - a +6 falchion
 d - a +0 dagger of speed
 r - the +8 short sword of Certain Death {flame, *Slow rF++ Will+ Stlth+}
   (You found it on level 2 of the Dungeon)

   It burns those it strikes, dealing additional fire damage.
   rF:        It greatly protects you from fire.
   *Slow:     It may slow you when you take damage.
   Will:      It increases your willpower.
   Stlth:     It makes you more stealthy.
Armour
 f - a +0 pair of gloves (worn)
 t - the +1 leather armour of Diype (worn) {Fly rElec rPois Int+5}
   (You found it on level 5 of the Dungeon)

   Int:       It affects your intelligence (+5).
   rElec:     It insulates you from electricity.
   rPois:     It protects you from poison.
   Fly:       It grants you flight.
Magical Staves
 b - a staff of cold (weapon)
Jewellery
 i - an amulet of the acrobat
 k - an amulet of regeneration
 o - a ring of fire
Wands
 j - a wand of acid (5)
Scrolls
 p - a scroll of magic mapping
 x - a scroll of blinking
Potions
 c - 2 potions of brilliance
 e - a potion of cancellation
 g - 2 potions of attraction
 h - 2 potions of resistance
 l - 2 potions of might
 m - 5 potions of curing
 n - a potion of berserk rage
 q - a potion of mutation
 s - a potion of ambrosia
 u - a potion of haste
 v - 2 potions of degeneration
 w - a potion of invisibility {unknown}


   Skills:
 + Level 6.3 Fighting
 + Level 2.0 Long Blades
 - Level 2.1 Dodging
 - Level 1.5 Stealth
 * Level 7.5 Spellcasting
 + Level 5.8 Invocations


You had 5 spell levels left.
You knew the following spells:

 Your Spells              Type           Power      Damage    Failure   Level
a - Sting                 Tmut/Pois      100%       1d8       1%          1
b - Poisonous Vapours     Pois/Air       98%        N/A       1%          2
c - Freeze                Ice            100%       1d10      1%          1
d - Ensorcelled Hibernat  Hex/Ice        100%       N/A       1%          2
z - Mephitic Cloud        Conj/Pois/Air  49%        N/A       1%          3
A - Olgreb's Toxic Radia  Pois           49%        N/A       4%          4
B - Blink                 Tloc           98%        N/A       1%          2
C - Manifold Assault      Tloc           49%        N/A       4%          4
Your spell library was empty.

Dungeon Overview and Level Annotations

Branches:
Dungeon (8/15)             Temple (0/1) D:7
   Lair: D:8-11

Altars:
Hepliaklqana
Ru
Trog

Annotations:
D:8 exclusion: ice statue


Innate Abilities, Weirdness & Mutations

Your life essence is reduced to manifest your ancestor. (-10% HP)
You are immune to sickness and miasma.
You are immune to poison.
Your flesh is very heat resistant. (rF++)
You are vulnerable to cold. (rC-)
You float through the air rather than walking.
You learn spells naturally, not from books.
Your magical power is your life essence.
You have superior vitality. (+4 MHP)


Message History

The ice beast freezes you!
* * * LOW HITPOINT WARNING * * *
The ice beast hits you but does no damage.
Casting: Freeze (safe; 1% risk of failure)
Confirm with . or Enter, or press ? or * to list all spells.
Aiming: Freeze (safe; 1% risk of failure)
Press: ? - help, Shift-Dir - straight line, f/p - ice beast
Aim: an ice beast (lightly wounded, summoned)
You feel a surge of power!
You freeze the ice beast but do no damage.
The ice beast completely resists.
* * * LOW HITPOINT WARNING * * *
The ice beast hits you but does no damage.
The ice beast barely misses you.
Casting: Freeze (safe; 1% risk of failure)
Confirm with . or Enter, or press ? or * to list all spells.
Aiming: Freeze (safe; 1% risk of failure)
Press: ? - help, Shift-Dir - straight line, f/p - ice beast
Aim: an ice beast (lightly wounded, summoned)
You feel a surge of power!
You freeze the ice beast but do no damage.
The ice beast completely resists.
* * * LOW HITPOINT WARNING * * *
The ice beast completely misses you.
The ice beast hits you but does no damage.
Casting: Freeze (safe; 1% risk of failure)
Confirm with . or Enter, or press ? or * to list all spells.
Aiming: Freeze (safe; 1% risk of failure)
Press: ? - help, Shift-Dir - straight line, f/p - ice beast
Aim: an ice beast (lightly wounded, summoned)
You feel a surge of power!
You freeze the ice beast but do no damage.
The ice beast completely resists.
* * * LOW HITPOINT WARNING * * *
Kaya emerges from the mists of memory!
The ice beast hits you but does no damage.
The ice beast hits you.
* * * LOW HITPOINT WARNING * * *
The ice beast freezes you!
You die...

########
######################......#
................#....#......#
................'....'......#
................#....#......#
...##...##############......####
#...#.......R..............#
#...'.).))Y@>..............#
...'...#..)).Y................#
....#...#...)..............)...#
#######+##......................#
............#######'########.))..
............# #..........#.)...
............# #..........#.....
............# #..........#.....
............# ####...####+##.....


You could see the friendly Kaya the hexer and 2 ice beasts.

Vanquished Creatures
  A wyvern (D:7)
  A steam dragon (D:4)
  2 black bears
  An ogre (D:5)
  A centaur (D:4)
  2 scorpions (D:6)
  A howler monkey (D:7)
  An electric eel (D:7)
  A hound (D:6)
  3 jellies (D:7)
  2 orc priests
  3 iguanas
  4 orc wizards
  Natasha (thrice) (D:4)
  7 gnolls
  4 adders
  2 white imps
  5 ufetubi
  2 worms
  4 dart slugs
  18 orcs
  7 endoplasms
  2 giant cockroaches
  11 goblins
  7 hobgoblins
  A quokka (D:3)
  A ball python (D:1)
  2 bats
  3 frilled lizards
  11 kobolds
  2 rats
115 creatures vanquished.

Vanquished Creatures (collateral kills)
  A vampire (D:7)
  Duvessa (D:6)
  A water moccasin (D:5)
  A black bear (D:5)
  2 centaurs
  An ogre (D:5)
  A phantom (D:5)
  A kobold brigand (D:8)
  A scorpion (D:5)
  3 wights (D:5)
  Dowan (D:6)
  An electric eel (D:7)
  A jelly (D:3)
  A hound (D:5)
  An iguana (D:5)
  An adder (D:3)
  5 gnolls
  A shadow imp (D:5)
  An ufetubus (D:6)
  A worm (D:5)
  3 orcs
  A giant cockroach (D:4)
  4 hobgoblins
  2 ball pythons
  A rat (D:2)
38 creatures vanquished.

Vanquished Creatures (others)
  A hexer (D:8)
  2 ufetubi (D:8)
  31 plants
34 creatures vanquished.

Grand Total: 187 creatures vanquished

Notes
Turn   | Place    | Note
-------+----------+-------------------------------------------
     0 | D:1      | zishaf the Djinni Venom Mage began the quest for the Orb.
     0 | D:1      | zishaf set off with the following spells memorised: Sting,
                  | Poisonous Vapours, Mephitic Cloud, Olgreb's Toxic Radiance.
     0 | D:1      | Reached XP level 1. HP: 15/15 MP: 0/0
   166 | D:1      | Found a faded altar of an unknown god.
   187 | D:1      | Prayed at the altar of an unknown god.
   187 | D:1      | Became a worshipper of Hepliaklqana the Forgotten
   187 | D:1      | Reached * piety under Hepliaklqana
   200 | D:1      | Reached XP level 2. HP: 15/19 MP: 0/0
   890 | D:1      | Reached skill level 1 in Fighting
  1025 | D:2      | Reached skill level 3 in Spellcasting
  1025 | D:2      | Reached XP level 3. HP: 9/24 MP: 0/0
  1025 | D:2      | Learned a level 1 spell: Freeze
  1125 | D:2      | Reached ** piety under Hepliaklqana
  1164 | D:2      | Remembered your ancestor Kaya as a hexer
  1453 | D:2      | Identified the +8 short sword of Certain Death {flame,
                  | *Slow rF++ Will+ Stlth+}
  1478 | D:2      | Reached XP level 4. HP: 27/28 MP: 0/0
  1678 | D:2      | Found a sacrificial altar of Ru.
  1860 | D:3      | Reached XP level 5. HP: 29/34 MP: 0/0
  1860 | D:3      | Learned a level 2 spell: Ensorcelled Hibernation
  2306 | D:4      | Found a hazy altar of Hepliaklqana.
  2318 | D:4      | Reached *** piety under Hepliaklqana
  2560 | D:4      | Reached skill level 4 in Spellcasting
  2674 | D:4      | Reached skill level 1 in Invocations
  2674 | D:4      | Reached XP level 6. HP: 31/40 MP: 0/0
  2751 | D:4      | Noticed Natasha
  2761 | D:4      | Killed Natasha
  2905 | D:4      | Noticed Natasha
  2912 | D:4      | Killed Natasha
  2989 | D:4      | Noticed Natasha
  2995 | D:4      | Killed Natasha
  3025 | D:4      | Reached XP level 7. HP: 44/45 MP: 0/0
  3025 | D:4      | Learned a level 2 spell: Blink
  3035 | D:4      | Noticed a steam dragon
  3043 | D:4      | Killed a steam dragon
  3046 | D:4      | Reached skill level 5 in Spellcasting
  3242 | D:5      | Entered Level 5 of the Dungeon
  3544 | D:5      | Noticed a water moccasin
  3551 | D:5      | Killed a water moccasin
  3552 | D:5      | Reached XP level 8. HP: 39/52 MP: 0/0
  3887 | D:5      | Reached skill level 6 in Spellcasting
  3931 | D:5      | Reached skill level 5 in Fighting
  3982 | D:5      | Reached XP level 9. HP: 46/58 MP: 0/0
  3982 | D:5      | Learned a level 4 spell: Manifold Assault
  4176 | D:5      | Identified the +1 leather armour of Diype {Fly rElec rPois
                  | Int+5}
  4565 | D:6      | Reached **** piety under Hepliaklqana
  4566 | D:6      | Noticed Dowan
  4568 | D:6      | Noticed Duvessa
  4575 | D:6      | Killed Dowan
  4579 | D:6      | Killed Duvessa
  4580 | D:6      | Reached skill level 5 in Invocations
  5064 | D:6      | Reached skill level 7 in Spellcasting
  5859 | D:7      | Found a staircase to the Ecumenical Temple.
  5872 | D:7      | Reached skill level 1 in Long Blades
  6255 | D:7      | Found a bloodstained altar of Trog.
  6831 | D:8      | Reached XP level 10. HP: 55/65 MP: 0/0
  6906 | D:8      | Reached ***** piety under Hepliaklqana
  6939 | D:8      | Noticed an ice devil
  6939 | D:8      | Noticed an ice devil
  6939 | D:8      | Noticed an ice devil
  6939 | D:8      | Noticed an ice devil
  6939 | D:8      | Noticed an ice devil
  6940 | D:8      | Noticed an ice statue
  6943 | D:8      | Noticed an ice devil
  7015 | D:8      | HP: 2/65 [ice beast[an ice statue] (1)]
  7015 | D:8      | Slain by an ice beast

Illustrated notes

Levels and vault maps discovered:
D:1:      co_arrival_square_in_a_square_in_a_square, layout_loops_corners,
          shapermc_ecumenical_altar_starsandcircs
D:2:      layout_basic, basic_altar
D:3:      layout_rooms, serial_bayou, serial_bayou_shore_a, serial_bayou_pond_d,
          serial_bayou_lagoon_b, serial_bayou_pond_c
D:4:      minmay_chambers_of_twos, layout_cave_pools,
          mainiacjoe_overflow_tiny_flanked, uniq_natasha
D:5:      layout_basic
D:6:      layout_loops_ring, minmay_door_square, serial_bayou_lagoon_a,
          dk_vineyard_3, uniq_duvessa
D:7:      statuecave_lemuel, layout_basic, nicolae_overflow_hidden_temple,
          minmay_temple_entry_junction_2
D:8:      cheibrodos_frozen_isle, layout_gridville, kb_rosetta

Skill      XL: |  1  2  3  4  5  6  7  8  9 |
---------------+----------------------------+-----
Fighting       | 1 2 3 4 5 6 |  6.3
Spellcasting   | 3 4 5 6 7 |  7.5
Invocations    | 1 3 4 5 |  5.8
Long Blades    | 2 |  2.0
Dodging        | |  2.1
Stealth        | |  1.5

Action                   |  1- 3 |  4- 6 |  7- 9 | 10-12 || total
-------------------------+-------+-------+-------+-------++-------
Melee: Staff             |     3 |    15 |     7 |       ||    25
       Short sword       |       |     6 |    10 |       ||    16
       Falchion          |       |       |    51 |    36 ||    87
       Punch             |       |       |     1 |       ||     1
 Cast: Sting             |    42 |       |       |       ||    42
       Freeze            |    13 |    44 |    57 |     6 ||   120
       Poisonous Vapours |     1 |     2 |    11 |       ||    14
       Olgreb's Toxic Ra |       |     2 |     9 |       ||    11
       Manifold Assault  |       |       |     9 |    11 ||    20
Invok: Ancestor Life: He |     1 |       |       |       ||     1
  Use: Scroll            |       |    14 |     9 |       ||    23
 Stab: Confused          |       |       |     1 |       ||     1
Armor: Robe              |     6 |    10 |     8 |       ||    24
       Leather armour    |       |       |    17 |     8 ||    25
Dodge: Dodged            |    20 |    37 |    53 |     9 ||   119

Table legend: (Time is in decaauts)
 A = Elapsed time spent in this place.
 B = Non-inter-level travel time spent in this place.
 C = Inter-level travel time spent in this place.
 D = Time resting spent in this place.
 E = Time spent auto-exploring this place.
 F = Levels seen in this place.
 G = Mean time per level.
                   A        B        C        D        E       F      G
               +--------+--------+--------+--------+--------+-----+--------+
         Total |   7027 |   6892 |    135 |      0 |   5890 |   8 |  878.4 |
       Dungeon |   7027 |   6892 |    135 |      0 |   5890 |   8 |  878.4 |
               +--------+--------+--------+--------+--------+-----+--------+

Top non-repeatable levels by time:
     D:5: 1316 daAuts
     D:6: 1186 daAuts
     D:7: 1000 daAuts
     D:1: 988 daAuts
     D:4: 935 daAuts
     D:2: 789 daAuts
     D:3: 528 daAuts
     D:8: 281 daAuts
